 Dungeon Crawl Stone Soup version 0.23.1 (webtiles) character file.

Game seed: 0

1210346 Hasart the Archmage (level 27, 0/168 HPs)
             Began as a Deep Elf Fire Elementalist on Mar 7, 2019.
             Was the Champion of Vehumet.
             Killed from afar by a Brimstone Fiend (37 damage)
             ... with damnation
             ... created by the effects of Hell
             ... on level 7 of Gehenna on Mar 8, 2019.
             The game lasted 09:25:31 (117345 turns).

Hasart the Archmage (Deep Elf Fire Elementalist)  Turns: 117345, Time: 09:25:32

Health: 0/168      AC: 18    Str: 14    XL:     27
Magic:  45/56      EV: 33    Int: 34    God:    Vehumet [******]
Gold:   8725       SH: 23    Dex: 19    Spells: 0/80 levels left

rFire    + + +     SeeInvis +   T - staff of energy
rCold    + + +     Gourm    .   i - +5 shield {rF+}
rNeg     + + +     Faith    .   l - +2 robe of the Bull {rC+ rCorr Str+6}
rPois    ∞         Spirit   .   W - +2 hat {SInv}
rElec    .         Reflect  .   U - scarf {rC+ rF+}
rCorr    +         Harm     .   e - +2 pair of gloves {Str+3}
MR       ++++.     Clarity  +   m - +2 pair of boots {Fly}
Stlth    +++++.....             r - amulet of magic regeneration
HPRegen  0.38/turn              q - ring of Vaiphotz {rF+ rN+ MR+ Dex+4}
MPRegen  0.60/turn              F - +6 ring of evasion

@: lich-form, flying, very slightly contaminated, deflect missiles
A: antennae 1, large bone plates 1, clarity
}: 11/15 runes: decaying, serpentine, slimy, silver, iron, abyssal, demonic,
glowing, magical, fiery, dark
a: End Transformation, Renounce Religion, Stop Flying


You were on level 7 of Gehenna.
You worshipped Vehumet.
Vehumet was exalted by your worship.
You were not hungry.
You were a lich.
You visited 15 branches of the dungeon, and saw 75 of its levels.
You visited Pandemonium 1 time, and saw 18 of its levels.
You visited the Abyss 4 times.
You also visited: Ossuary and Ice Cave.

You collected 12767 gold pieces.
You spent 4042 gold pieces at shops.

Inventory:

Hand Weapons
 C - the +9 staff of Olgreb {rPois}
   (You found it on level 5 of the Dungeon)

   It protects you from poison.
 N - the +6 quick blade "Telusk Mukhli" {pain, rElec rPois rC+}
   (You took it off a deep elf annihilator on level 3 of the Elven Halls)

   In the hands of one skilled in necromantic magic, it inflicts extra damage on
   living creatures.
   It protects you from cold.
   It insulates you from electricity.
   It protects you from poison.
 P - the +7 trident of Fedhas's Whim {pierce, rN+ Str+4 Dex+2 SInv}
   (You took it off a deep elf demonologist on level 3 of the Elven Halls)

   It inflicts extra damage upon your enemies.
   It affects your strength (+4).
   It affects your dexterity (+2).
   It protects you from negative energy.
   It lets you see invisible.
Armour
 e - a +2 pair of gloves of strength (worn)
 i - a +5 shield of fire resistance (worn)
 l - the +2 robe of the Bull (worn) {rC+ rCorr Str+6}
   (You took it off a yaktaur on level 5 of the Vaults)

   It affects your strength (+6).
   It protects you from cold.
   It provides partial protection from all sources of acid and corrosion.
 m - a +2 pair of boots of flying (worn)
 s - a scarf of repulsion
 U - a scarf of resistance (worn)
 W - a +2 hat of see invisible (worn)
Magical Staves
 T - an uncursed staff of energy (weapon)
Jewellery
 b - an uncursed ring of resist corrosion
 q - the ring of Vaiphotz (left hand) {rF+ rN+ MR+ Dex+4}
   (You took it off a deep elf sorcerer on level 3 of the Elven Halls)

   [ring of positive energy]

   It affects your dexterity (+4).
   It protects you from fire.
   It protects you from negative energy.
   It affects your resistance to hostile enchantments.
 r - an amulet of magic regeneration (around neck)
 A - an uncursed ring of protection from cold
 F - a +6 ring of evasion (right hand)
 J - the ring of Fucwaxab {rF+ Int+2}
   (You took it off a red devil in Pandemonium)

   [ring of protection from fire]

   It affects your intelligence (+2).
   It protects you from fire.
 L - the ring "Enocw" {rElec Str+4 Int+4 Dex+4 Stlth-}
   (You took it off a seraph in Pandemonium)

   [ring of strength]

   It affects your strength (+4).
   It affects your intelligence (+4).
   It affects your dexterity (+4).
   It insulates you from electricity.
   It makes you less stealthy.
 Q - the amulet "Ben Ruli" {Faith rPois rF++ rN+}
   (You found it on level 11 of the Dungeon)

   [amulet of faith]

   It allows you to gain divine favour quickly.
   It greatly protects you from fire.
   It protects you from poison.
   It protects you from negative energy.
Wands
 a - a wand of acid (45)
 g - a wand of disintegration (69)
 G - a wand of digging (11)
 H - a wand of scattershot (8)
 M - a wand of iceblast (23)
 X - a wand of clouds (9)
 Z - a wand of paralysis (27)
Scrolls
 d - 38 scrolls of identify
 f - 2 scrolls of brand weapon
 j - 29 scrolls of teleportation
 p - 13 scrolls of fear
 u - 2 scrolls of holy word
 v - 12 scrolls of amnesia
 w - 15 scrolls of fog
 x - 6 scrolls of blinking
 y - 5 scrolls of enchant armour
 D - 39 scrolls of remove curse
 E - 11 scrolls of magic mapping
 O - 6 scrolls of summoning
Potions
 h - 27 potions of curing
 k - 25 potions of heal wounds
 o - 6 potions of resistance
 t - 7 potions of ambrosia
 z - 9 potions of cancellation
 I - 12 potions of mutation
 K - 13 potions of haste
 R - 5 potions of invisibility
 S - 5 potions of magic
Miscellaneous
 n - a fan of gales
Comestibles
 c - 81 rations


   Skills:
 + Level 16.0 Fighting
 - Level 8.0 Short Blades
 - Level 5.0 Staves
 + Level 16.9 Dodging
 - Level 12.0 Stealth
 + Level 16.0 Shields
 O Level 27 Spellcasting
 O Level 27 Conjurations
 + Level 13.3 Charms
 - Level 10.0 Summonings
 - Level 20.0 Necromancy
 - Level 10.0 Translocations
 - Level 20.0 Transmutations
 O Level 27 Fire Magic
 O Level 27 Ice Magic
 - Level 10.0 Air Magic
 * Level 12.7 Earth Magic
   Level 5.0 Poison Magic
 + Level 17.5 Evocations


You couldn't memorise any spells.
You knew the following spells:

 Your Spells              Type           Power        Failure   Level  Hunger
a - Iron Shot             Conj/Erth      ########..   0%          6    N/A
b - Haunt                 Necr/Summ      ########..   1%          7    N/A
c - Shadow Creatures      Summ           N/A          1%          6    N/A
d - Blink                 Tloc           N/A          0%          2    N/A
e - Swiftness             Chrm/Air       #######.     0%          2    N/A
f - Glaciate              Conj/Ice       ########..   1%          9    N/A
g - Death's Door          Chrm/Necr      ########..   3%          8    N/A
i - Regeneration          Chrm/Necr      ########..   0%          3    N/A
o - Shroud of Golubria    Chrm/Tloc      #######...   0%          2    N/A
p - Deflect Missiles      Chrm/Air       #######...   1%          6    N/A
u - Necromutation         Tmut/Necr      ########..   1%          8    N/A
v - Passage of Golubria   Tloc           N/A          1%          4    N/A
x - Fire Storm            Conj/Fire      ########..   1%          9    N/A
z - Ignition              Fire           ########..   1%          8    N/A

Your spell library contained the following spells:

 Spells                   Type           Power        Failure   Level  Hunger
 Chain Lightning          Conj/Air       ########..   1%          8    N/A
 Animate Skeleton         Necr           N/A          0%          1    N/A
 Apportation              Tloc           ######       0%          1    N/A
 Flame Tongue             Conj/Fire      #####        0%          1    N/A
 Freeze                   Ice            ####         0%          1    N/A
 Infusion                 Chrm           ####         0%          1    N/A
 Magic Dart               Conj           ####         0%          1    N/A
 Pain                     Necr           ####         0%          1    N/A
 Sandblast                Erth           ######       0%          1    N/A
 Shock                    Conj/Air       ####         0%          1    N/A
 Sting                    Conj/Pois      ####         0%          1    N/A
 Summon Butterflies       Summ           #######.     0%          1    N/A
 Summon Small Mammal      Summ           ####         0%          1    N/A
 Call Imp                 Summ           #######.     0%          2    N/A
 Corpse Rot               Necr           N/A          0%          2    N/A
 Ensorcelled Hibernation  Hex/Ice        ######       0%          2    N/A
 Passwall                 Tmut/Erth      ########     0%          2    N/A
 Searing Ray              Conj           ######       0%          2    N/A
 Song of Slaying          Chrm           #######.     0%          2    N/A
 Sublimation of Blood     Necr           ########..   0%          2    N/A
 Throw Flame              Conj/Fire      ######       0%          2    N/A
 Throw Frost              Conj/Ice       ######       0%          2    N/A
 Conjure Flame            Conj/Fire      ########     0%          3    N/A
 Dazzling Spray           Conj/Hex       ######       0%          3    N/A
 Ignite Poison            Fire/Tmut/Pois ########     0%          3    N/A
 Inner Flame              Hex/Fire       #######.     0%          3    N/A
 Mephitic Cloud           Conj/Pois/Air  #######.     0%          3    N/A
 Ozocubu's Armour         Chrm/Ice       ########     0%          3    N/A
 Spider Form              Tmut/Pois      #######...   0%          3    N/A
 Static Discharge         Conj/Air       ########     0%          3    N/A
 Stone Arrow              Conj/Erth      ######       0%          3    N/A
 Vampiric Draining        Necr           ########..   0%          3    N/A
 Animate Dead             Necr           N/A          0%          4    N/A
 Force Lance              Conj/Tloc      ########     0%          4    N/A
 Fulminant Prism          Conj/Hex       #######...   0%          4    N/A
 Ice Form                 Ice/Tmut       ########     0%          4    N/A
 Iskenderun's Mystic Bla  Conj           ########     0%          4    N/A
 Petrify                  Tmut/Erth      ########     0%          4    N/A
 Sticky Flame             Conj/Fire      ########     0%          4    N/A
 Summon Ice Beast         Ice/Summ       ########     0%          4    N/A
 Throw Icicle             Conj/Ice       ########     0%          4    N/A
 Agony                    Necr           ########     0%          5    N/A
 Bolt of Magma            Conj/Fire/Erth ########..   0%          5    N/A
 Borgnjor's Vile Clutch   Necr/Erth      ########..   0%          5    N/A
 Excruciating Wounds      Chrm/Necr      ########..   0%          5    N/A
 Fireball                 Conj/Fire      ########..   0%          5    N/A
 Irradiate                Conj/Tmut      ########..   0%          5    N/A
 Iskenderun's Battlesphe  Conj/Chrm      ########     0%          5    N/A
 Lightning Bolt           Conj/Air       ########..   0%          5    N/A
 Venom Bolt               Conj/Pois      ########..   0%          5    N/A
 Bolt of Cold             Conj/Ice       ########..   0%          6    N/A
 Freezing Cloud           Conj/Ice/Air   ########..   0%          6    N/A
 Ozocubu's Refrigeration  Ice            ########..   0%          6    N/A
 Simulacrum               Ice/Necr       ########..   0%          6    N/A
 Orb of Destruction       Conj           ########..   0%          7    N/A
 Confusing Touch          Hex            #####.       1%          1    N/A
 Corona                   Hex            #####..      1%          1    N/A
 Poisonous Vapours        Pois/Air       ######       1%          2    N/A
 Slow                     Hex            #####...     1%          2    N/A
 Call Canine Familiar     Summ           #######.     1%          3    N/A
 Confuse                  Hex            #####...     1%          3    N/A
 Gell's Gravitas          Tloc           #######...   1%          3    N/A
 Lesser Beckoning         Tloc           #######...   1%          3    N/A
 Portal Projectile        Hex/Tloc       ######       1%          3    N/A
 Recall                   Summ/Tloc      N/A          1%          3    N/A
 Spectral Weapon          Hex/Chrm       ######..     1%          3    N/A
 Summon Guardian Golem    Hex/Summ       ######..     1%          3    N/A
 Teleport Other           Tloc           #######.     1%          3    N/A
 Tukima's Dance           Hex            #####...     1%          3    N/A
 Airstrike                Air            #######...   1%          4    N/A
 Leda's Liquefaction      Hex/Erth       ######....   1%          4    N/A
 Olgreb's Toxic Radiance  Pois           ######..     1%          4    N/A
 Summon Lightning Spire   Summ/Air       #######.     1%          4    N/A
 Alistair's Intoxication  Tmut/Pois      #######.     1%          5    N/A
 Aura of Abjuration       Summ           #######...   1%          5    N/A
 Lee's Rapid Deconstruct  Erth           #######...   1%          5    N/A
 Metabolic Englaciation   Hex/Ice        #######...   1%          5    N/A
 Silence                  Hex/Air        ######....   1%          5    N/A
 Summon Demon             Summ           #######...   1%          5    N/A
 Summon Forest            Summ/Tloc      #######...   1%          5    N/A
 Summon Mana Viper        Hex/Summ       ######..     1%          5    N/A
 Yara's Violent Unravell  Hex/Tmut       #######...   1%          5    N/A
 Conjure Ball Lightning   Conj/Air       ########..   1%          6    N/A
 Death Channel            Necr           ########..   1%          6    N/A
 Dispersal                Tloc           #######...   1%          6    N/A
 Hydra Form               Tmut           ########..   1%          6    N/A
 Poison Arrow             Conj/Pois      ########..   1%          6    N/A
 Statue Form              Tmut/Erth      ########.    1%          6    N/A
 Dragon Form              Tmut           ########..   1%          7    N/A
 Ring of Flames           Chrm/Fire      ########..   1%          7    N/A
 Spellforged Servitor     Conj/Summ      ########..   1%          7    N/A
 Borgnjor's Revivificati  Necr           ########..   1%          8    N/A
 Infestation              Necr           ########..   1%          8    N/A
 Lehudib's Crystal Spear  Conj/Erth      ########..   1%          8    N/A
 Cause Fear               Hex            #####.....   4%          4    N/A
 Malign Gateway           Summ/Tloc      #######...   6%          7    N/A
 Monstrous Menagerie      Summ           #######...   6%          7    N/A
 Summon Greater Demon     Summ           #######...   6%          7    N/A
 Summon Hydra             Summ           #######...   6%          7    N/A
 Summon Horrible Things   Summ           #######...   45%         8    N/A
 Shatter                  Erth           #######...   52%         9    N/A
 Darkness                 Hex            #####.....   56%         6    N/A
 Invisibility             Hex            #####...     56%         6    N/A
 Tornado                  Air            #######...   86%         9    N/A
 Discord                  Hex            #####.....   100%        8    N/A
 Dragon's Call            Summ           #######...   100%        9    N/A

Dungeon Overview and Level Annotations

Branches:
Dungeon (15/15)            Temple (0/1) D:5            Lair (6/6) D:11
  Swamp (4/4) Lair:2        Snake (4/4) Lair:4        Slime (5/5) Lair:5
    Orc (2/2) D:11            Elf (3/3) Orc:2        Vaults (5/5) D:13
  Crypt (3/3) Vaults:3       Tomb (0/3) Crypt:3      Depths (5/5) D:15
   Hell (1/1)                 Dis (7/7) Hell            Geh (7/7) Hell
    Coc (3/7) Hell            Tar (0/7) Hell            Zot (5/5) Depths:5

Altars:
Ashenzari
Cheibriados
Fedhas
Kikubaaqudgha
Okawaru
Qazlal
Sif Muna
Trog
Vehumet
Xom
Yredelemnul
The Shining One
Beogh
Jiyva

Shops:
D:6 :   Orc:1 %   Orc:2 (%((   Elf:1 :(:(   Elf:2 [   Elf:3 ?[%!

Portals:
Hell: Depths:1 Depths:2 Depths:3 Depths:4 Depths:5
Abyss: Depths:3 Depths:4
Pandemonium: Depths:3 Depths:4
Ziggurat: Depths:1
Trove: D:14 (give 14 potions of heal wounds)

Annotations:
Geh:7 Asmodeus


Innate Abilities, Weirdness & Mutations

You have a pair of small antennae on your head.
You are partially covered in large bone plates. (SH +4)
You possess an exceptional clarity of mind.


Message History

Casting: Passage of Golubria (safe; 1% risk of failure)
Confirm with . or Enter, or press ? or * to list all spells.
Aiming: Passage of Golubria (safe; 1% risk of failure)
Press: ? - help, Dir - move target cursor, f - you
Okay, then.
Casting: Passage of Golubria (safe; 1% risk of failure)
Confirm with . or Enter, or press ? or * to list all spells.
Aiming: Glaciate (safe; 1% risk of failure)
Press: ? - help, Shift-Dir - straight line, f - Brimstone Fiend
Aim: a Brimstone Fiend You conjure a mighty blast of ice!
The great icy blast engulfs the Brimstone Fiend!!!
The Brimstone Fiend is frozen!
The Brimstone Fiend is heavily wounded.
The Brimstone Fiend is flash-frozen.
You hear a roar!
You hear a hideous shriek! x4; You hear a roar!
The Brimstone Fiend is engulfed in freezing vapours.
The Brimstone Fiend gestures at you.
The sphere of damnation explodes!
The damnation engulfs you!!!
You die...

§≈≈≈≈≈≈≈§≈≈≈≈≈≈≈≈≈≈≈§§§≈##.....##
§≈≈§§≈≈§§≈§≈≈§§§§≈≈≈v≈≈##.......#
≈≈≈≈§≈≈≈≈≈§§§v≈≈v≈≈§≈§##..#####..
****#####≈§§≈§§§≈≈≈§≈##..#* ##.
#######§§≈§≈≈≈§§≈##..#########
##....###≈≈≈§§§≈≈##..##....)..#
###......##≈§3≈§§§##.§#*#.....).#
○#§.#..#..#########§§#* #(...)..#
☼'.......^+.....L1§§§#######'####
☼#..#..#..#########§§§§..........
###......##≈≈≈§§3§#..§☼..........
##....###≈≈§§§§≈####...#######.
#######≈≈≈≈≈≈≈≈≈§≈#####≈≈≈≈≈##
****#####≈≈§≈≈≈≈§≈≈≈§≈≈≈≈≈≈≈≈≈≈§§
≈≈≈≈≈≈≈≈≈≈≈≈≈≈≈≈≈≈≈≈≈≈≈≈≈≈≈≈≈≈≈≈≈
≈≈≈≈≈≈≈≈≈§≈≈≈≈≈§§≈§≈≈≈≈≈≈≈≈≈≈≈≈≈≈
≈≈≈≈≈≈≈###≈≈≈≈≈≈≈≈≈≈≈≈≈≈≈≈≈≈≈####


You could see a Brimstone Fiend and 2 smoke demons.

Vanquished Creatures
  Cerebov (Pan)
  the Royal Jelly (Slime:5)
  Gloorx Vloq (Pan)
  A seraph (Pan)
  Mnoleg (Pan)
  Lom Lobon (Pan)
  Dispater (Dis:7)
  Mara (Vaults:3)
  Mennas (Vaults:5)
  5 orbs of fire
  6 ancient liches
  A juggernaut (Depths:5)
  Sojobo (Depths:4)
  The ghost of SlowGraham the Acrobat, a legendary KoMo of Trog (Vaults:2)
  Bai Suzhen (Vaults:3)
  Boris (Vaults:4)
  the Lernaean hydra (Swamp:4)
  Vashnia (Snake:4)
  9 pandemonium lords (Pan)
  Xtahua (Vaults:5)
  Saint Roka (Depths:2)
  A curse toe (Zot:2)
  Margery (Depths:5)
  11 caustic shrikes
  Geryon (Hell)
  12 golden dragons
  2 bone dragons
  2 pearl dragons (Pan)
  the Enchantress (Depths:3)
  2 electric golems
  5 Tzitzimimeh
  8 iron giants
  A hellephant (Hell)
  36 Brimstone Fiends
  The ghost of MordorOrchid the Brawler, an adept TrNe of Ashenzari (Vaults:3)
  A shard shrike skeleton (Crypt:1)
  9 Hell Sentinels
  25 tentacled monstrosities
  7 Ice Fiends
  9 Orb Guardians (Zot:5)
  Rupert (D:14)
  3 titans
  12 liches
  Asterion (Depths:1)
  10 quicksilver dragons
  3 deep elf master archers (Elf:3)
  4 deep elf blademasters
  20 acid blobs
  12 ancient champions
  Gastronok (Lair:3)
  11 death cobs
  7 sphinxes
  Murray (Hell)
  25 Executioners (Pan)
  16 storm dragons
  4 eldritch tentacles
  2 tentacled starspawn (Abyss:2)
  Kirke (Swamp:4)
  12 shadow dragons
  9 draconian monks
  A thorn hunter (Swamp:2)
  17 azure jellies
  13 tengu reavers
  Donald (Swamp:1)
  The ghost of Hasart the Devastator, an adept DEFE of Sif Muna (Elf:3)
  2 nagarajas (Snake:4)
  15 daevas (Pan)
  4 corrupters (Pan)
  3 revenants
  Aizul (Swamp:4)
  8 draconian shifters
  10 iron dragons
  5 draconian knights
  10 draconian scorchers
  13 frost giants
  23 fire giants
  5 deep elf sorcerers
  24 vault wardens
  6 ghouls
  4 curse skulls
  28 cacodemons
  10 draconian annihilators
  A juggernaut zombie (Hell)
  8 warmongers (Pan)
  10 deep elf elementalists
  46 balrugs
  5 spriggan defenders
  4 draconian stormcallers
  29 angels (Pan)
  31 war gargoyles
  14 ironheart preservers
  46 reapers
  26 stone giants
  6 entropy weavers
  26 very ugly things
  4 blood saints (Pan)
  5 green draconians
  7 vampire knights
  10 black draconians
  15 ophanim (Pan)
  8 deep elf demonologists
  18 deep elf annihilators
  20 lorocyprocas (Pan)
  3 white draconians
  24 apis (Pan)
  8 black suns (Pan)
  23 red draconians
  4 spark wasps
  Azrael (D:15)
  The ghost of DungeonDestroyer the Severer, a journeyman MiFi of Trog (Lair:3)
  15 yellow draconians
  8 purple draconians
  11 fire dragons
  12 death oozes
  2 eidola
  A merfolk javelineer (Depths:1)
  22 ettins
  7 deep elf high priests
  2 quicksilver dragon zombies
  23 blizzard demons
  17 green deaths
  Josephine (D:10)
  5 deep elf death magi
  5 crystal guardians
  18 great orbs of eyes
  12 jiangshi
  13 naga warriors
  22 yaktaur captains
  40 vault guards
  Erolcha (D:10)
  14 rakshasas
  3 quicksilver dragon skeletons
  2 shambling mangroves
  2 hell beasts (Pan)
  A catoblepas (D:13)
  7 ice dragons
  5 spriggan air magi
  22 hydras
  9 monstrous demonspawn (Pan)
  8 anacondas
  17 ogre magi
  The ghost of Lavandula the Carver, a journeyman VSFi of Gozag (D:12)
  The ghost of Paps the Basher, a journeyman OpBe of Trog (Lair:2)
  13 centaur warriors
  9 alligators
  An alligator (shapeshifter) (Vaults:5)
  4 death knights
  39 two-headed ogres
  31 dancing weapons
  8 tengu warriors
  20 naga sharpshooters
  14 deep troll shamans
  8 deep troll earth magi
  6 titan zombies
  7 vampire magi
  9 hell hogs
  6 death yaks
  6 holy swine (Pan)
  4 spriggan berserkers
  3 thrashing horrors (Abyss:2)
  2 orc high priests
  13 shock serpents
  Sonja (Orc:2)
  17 deep elf knights
  95 sun demons
  11 iron golems
  11 shadow wraiths
  56 soul eaters
  A fire crab (Depths:1)
  6 wretched stars
  3 storm dragon zombies
  44 hell knights
  2 spatial maelstroms
  A titan skeleton (Coc:3)
  40 sixfirhies
  19 iron trolls
  A storm dragon skeleton (Crypt:1)
  6 salamander mystics
  91 skeletal warriors
  A deep troll (shapeshifter) (Depths:3)
  A sea snake (shapeshifter) (Elf:3)
  4 gelid demonspawn (Pan)
  2 glowing orange brains (shapeshifter)
  A spark wasp zombie (Hell)
  2 ghost moth zombies
  10 shadow demons
  9 torturous demonspawn (Pan)
  13 cherubim (Pan)
  A death drake (Depths:1)
  8 infernal demonspawn (Pan)
  4 unseen horrors
  14 swamp dragons
  17 phantasmal warriors
  5 sea snakes
  2 starcursed masses
  2 golden dragon zombies
  29 deep trolls
  7 anaconda zombies
  10 naga ritualists
  10 glowing orange brains
  14 flayed ghosts
  17 deep elf archers
  An anaconda skeleton (Crypt:2)
  2 sphinx zombies
  2 lindwurms (Depths:1)
  3 shadow dragon zombies
  26 necromancers
  An orange crystal statue (Depths:1)
  An orb spider (shapeshifter) (D:11)
  23 ironbrand convokers
  3 golden dragon skeletons
  8 wizards
  5 harpies
  12 orc knights
  A harpy (shapeshifter) (Elf:1)
  A cyclops (shapeshifter) (Vaults:4)
  3 fauns (shapeshifter)
  66 deep elf magi
  2 manticores
  13 oklob plants
  6 shadow dragon skeletons
  4 wolf spider zombies
  52 ugly things
  17 salamanders
  2 sphinx skeletons
  An iron dragon zombie (Dis:5)
  9 mana vipers
  18 orc sorcerers
  8 shining eyes
  A worldbinder (Abyss:3)
  5 wolf spiders
  8 cyclopes
  A moth of wrath (shapeshifter) (Depths:2)
  3 spectral centaurs (D:12)
  4 stone giant skeletons
  12 elephants
  5 frost giant zombies
  10 fire giant zombies
  51 large abominations
  Maurice (D:10)
  20 moths of wrath
  41 black mambas
  An elf zombie (Depths:2)
  74 smoke demons
  4 dire elephant zombies
  7 ice statues
  2 black mambas (shapeshifter) (D:15)
  5 fire giant skeletons
  7 frost giant skeletons
  4 stone giant zombies
  A shock serpent zombie (Dis:3)
  An alligator snapping turtle zombie (Crypt:2)
  An elephant (shapeshifter) (Depths:3)
  5 guardian serpents
  7 molten gargoyles
  A shock serpent skeleton (Pan)
  32 naga magi
  2 apocalypse crabs
  21 vault sentinels
  An eye of devastation (Vaults:4)
  A torpor snail (Lair:5)
  34 rust devils
  An iron dragon skeleton (Geh:2)
  A storm dragon simulacrum (Crypt:1)
  6 gargoyles
  A spiny frog (shapeshifter) (Vaults:3)
  23 spiny frogs
  37 orange demons
  A catoblepas zombie (Crypt:1)
  9 komodo dragons
  3 anaconda simulacra
  2 emperor scorpion zombies
  76 yaktaurs
  A spark wasp simulacrum (Depths:2)
  2 kobold demonologists
  2 tengu conjurers (Depths:4)
  44 tormentors
  20 efreet
  20 freezing wraiths
  A yaktaur (shapeshifter) (Depths:5)
  7 demonic crawlers (Pan)
  2 rime drakes
  43 hellions
  A yaktaur zombie (Vaults:4)
  An alligator snapping turtle skeleton (Crypt:2)
  4 dire elephant skeletons
  4 ancient zymes
  39 hellwings (Pan)
  17 ice devils
  2 spriggan zombies (Hell)
  A golden dragon simulacrum (Crypt:1)
  A harpy zombie (Crypt:2)
  7 trolls
  60 red devils
  A spectral harpy (D:12)
  8 meliai
  A meliai (shapeshifter) (Depths:2)
  5 polar bears
  8 hydra zombies
  A jumping spider (Vaults:2)
  21 hornets
  2 queen bees
  A wind drake (shapeshifter) (Vaults:4)
  2 alligator zombies
  11 tyrant leeches
  5 hydra skeletons
  145 slime creatures
  7 bog bodies
  A blink frog (shapeshifter) (Vaults:4)
  16 blink frogs
  6 dream sheep (Lair:6)
  6 ice dragon zombies
  6 fire dragon zombies
  7 ettin zombies
  A raiju (Abyss:1)
  A snapping turtle (shapeshifter) (Depths:3)
  A deep troll zombie (Hell)
  A jumping spider zombie (Crypt:1)
  7 hippogriffs
  A black mamba zombie (Dis:5)
  93 flying skulls
  2 air elementals
  A centaur simulacrum (D:12)
  3 alligator skeletons
  Sigmund (D:3)
  23 shadows
  2 spriggans (shapeshifter)
  3 ice dragon skeletons
  21 spriggans
  A tarantella (shapeshifter) (Vaults:3)
  2 tarantellas (Depths:1)
  A fire dragon skeleton (Coc:1)
  2 fire bats (Geh:1)
  7 redbacks
  39 wraiths
  An ettin skeleton (Dis:3)
  39 yaks
  A yak (shapeshifter) (Vaults:5)
  A vampire (D:13)
  27 ynoxinuls
  57 fire elementals
  3 hogs (Swamp:4)
  A hog (shapeshifter) (D:10)
  A human (shapeshifter) (Vaults:3)
  28 neqoxecs
  20 water elementals
  A wyvern (Lair:1)
  6 basilisks
  6 golden eyes (Slime:1)
  13 vampire mosquitoes
  4 hungry ghosts
  A steam dragon (D:13)
  40 chaos spawn
  4 spatial vortices
  2 merfolk zombies
  11 wargs
  A soldier ant (shapeshifter) (Depths:2)
  A warg (shapeshifter) (Vaults:2)
  6 spiny frog zombies
  3 insubstantial wisps (Depths:1)
  4 soldier ants (D:5)
  2 acid dragons
  63 nagas
  19 swamp worms
  2 hydra simulacra
  15 water moccasins
  5 floating eyes
  A two-headed ogre zombie (Crypt:1)
  73 hell hounds
  4 spiny frog skeletons
  7 porcupines
  6 black bears
  13 ice beasts
  40 orc warriors
  A sky beast (shapeshifter) (Vaults:5)
  17 swamp drakes
  2 snapping turtle zombies
  An ogre (shapeshifter) (Vaults:2)
  5 sky beasts
  A swamp dragon zombie (Geh:5)
  6 phantoms
  A fire dragon simulacrum (Depths:1)
  A black bear (shapeshifter) (Vaults:1)
  4 eyes of draining
  2 ice dragon simulacra
  16 boggarts
  A dream sheep zombie (Crypt:1)
  A black mamba simulacrum (Depths:1)
  19 necrophages
  30 ogres
  A wolf (shapeshifter) (Vaults:2)
  3 snapping turtle skeletons
  12 centaurs
  27 wolves
  A crocodile (shapeshifter) (Vaults:2)
  A swamp dragon skeleton (Geh:2)
  16 crocodiles
  A centaur (shapeshifter) (Vaults:2)
  2 manticore skeletons
  Blork the orc (D:6)
  2 wyvern zombies
  8 earth elementals
  A deep troll simulacrum (Vaults:4)
  A hippogriff skeleton (Crypt:1)
  16 bullfrogs
  3 spiny frog simulacra
  7 scorpions
  A troll zombie (Coc:1)
  2 elephant simulacra (Depths:1)
  70 killer bees
  A polar bear zombie (Crypt:2)
  58 wights
  2 spriggan skeletons
  A troll skeleton (Coc:1)
  7 electric eels
  18 crimson imps
  8 centaur zombies
  A lava snake (Depths:1)
  A wyvern simulacrum (D:12)
  2 bullfrog zombies
  4 quasits
  2 draconian simulacra (IceCv)
  26 orc priests
  3 gnoll shamans
  5 hounds
  3 human zombies
  8 jellies
  6 centaur skeletons
  19 iron imps
  43 orc wizards
  7 bullfrog skeletons
  A human skeleton (Pan)
  A demonspawn skeleton (Crypt:1)
  An iguana (shapeshifter) (Vaults:2)
  3 iguanas
  14 worker ants
  2 spriggan simulacra (IceCv)
  2 troll simulacra (IceCv)
  6 small abominations
  A big kobold zombie (Ossuary)
  3 ogre zombies (Ossuary)
  A bullfrog simulacrum (D:11)
  A dwarf skeleton (Crypt:2)
  A tengu skeleton (Pan)
  A human simulacrum (Crypt:2)
  A hound zombie (D:11)
  A hound skeleton (D:6)
  11 mummies
  3 worker ant zombies
  11 adders
  16 gnolls
  3 ogre simulacra (IceCv)
  3 naga simulacra
  5 shadow imps
  25 white imps
  4 ufetubi
  2 oozes (D:7)
  3 adder zombies
  A lava snake zombie (Crypt:2)
  An adder skeleton (D:6)
  8 worms
  8 ball lightnings (Pan)
  5 dart slugs
  8 leopard geckos
  134 orcs
  2 ball pythons
  6 giant cockroaches
  4 goblins
  7 hobgoblins
  4 jackals (D:6)
  2 quokkas
  6 bats
  4 frilled lizards
  A gnoll skeleton (Crypt:1)
  A goblin (shapeshifter) (Vaults:2)
  7 goblin zombies (Ossuary)
  3 hobgoblin zombies (Ossuary)
  4 kobolds
  A kobold skeleton (Crypt:1)
  4 kobold zombies
  3 orc zombies
  3 quokka zombies (Ossuary)
  6 rats
  5 rat zombies (Ossuary)
  A river rat zombie (Crypt:2)
  28 blocks of ice
  A bush (Lair:6)
  119 fire vortices
  A fungus (Lair:2)
  15 plants
  A starspawn tentacle (Abyss:2)
5201 creatures vanquished.

Vanquished Creatures (collateral kills)
  A juggernaut (Depths:2)
  A Killer Klown (Zot:4)
  2 tentacled monstrosities
  An Ice Fiend (Dis:7)
  An acid blob (Slime:5)
  An ancient champion (Dis:5)
  A tentacled starspawn (Abyss:3)
  A storm dragon (Zot:5)
  A daeva (Pan)
  A nagaraja (Snake:4)
  A draconian knight (Zot:2)
  An iron dragon (Dis:7)
  4 vault wardens
  2 frost giants
  4 cacodemons (Pan)
  A black sun (Pan)
  An ironheart preserver (Vaults:5)
  2 war gargoyles
  A blood saint (Pan)
  A corrupter (Pan)
  A stone giant (Vaults:4)
  3 green draconians
  An apis (Pan)
  A black draconian (Zot:1)
  A deep elf demonologist (Elf:3)
  2 purple draconians
  The ghost of Caralho the Carver, a journeyman GrMo of Dithmenos (D:14)
  An eidolon (Crypt:1)
  A fire dragon (Depths:5)
  A great orb of eyes (Vaults:2)
  A deep elf high priest (Elf:3)
  A monstrous demonspawn (Pan)
  2 vault guards
  An ogre mage (Vaults:4)
  3 two-headed ogres
  A centaur warrior (Vaults:4)
  A dancing weapon (Elf:2)
  3 soul eaters (Pan)
  5 iron golems (Dis:7)
  A skeletal warrior (Dis:5)
  An iron troll (Depths:3)
  An ironbrand convoker (Vaults:2)
  A frost giant zombie (Crypt:2)
  A deep elf mage (Vaults:5)
  2 ugly things (Vaults:2)
  A stone giant skeleton (Crypt:3)
  A fire giant skeleton (Pan)
  5 smoke demons (Pan)
  An orange demon (Pan)
  A hellwing (Pan)
  A freezing wraith (Vaults:5)
  2 hydra skeletons
  A fire dragon zombie (Geh:1)
  3 slime creatures
  An ice dragon zombie (Dis:5)
  An ettin skeleton (Dis:2)
  2 ettin zombies
  A redback (Vaults:3)
  2 water elementals (Depths:3)
  2 golden eyes (Slime:1)
  A chaos spawn (Pan)
  A spatial vortex (Abyss:1)
  3 floating eyes
  A spiny frog zombie (Crypt:1)
  A black bear (shapeshifter) (Vaults:2)
  A small abomination (Abyss:2)
  2 ogres
  3 eyes of draining
  A necrophage (Geh:1)
  A spiny frog simulacrum (Crypt:1)
  A killer bee (Abyss:3)
  An orc priest (Vaults:3)
  A worker ant (shapeshifter) (Vaults:2)
  A white imp (Geh:1)
  2 ball lightnings (Pan)
  A dart slug (shapeshifter) (Vaults:2)
  2 orcs (Depths:5)
  A block of ice (Abyss:3)
117 creatures vanquished.

Vanquished Creatures (others)
  A deep elf blademaster (Elf:3)
  An eldritch tentacle (Dis:7)
  A draconian monk (Zot:3)
  A naga warrior (Snake:4)
  A sixfirhy (Pan)
  A moth of wrath (Zot:4)
  A fire dragon skeleton (Geh:6)
  A wight (Geh:1)
  An iron imp (Dis:5)
  14 ball lightnings (Pan)
  364 blocks of ice
  1296 fire vortices
  4 fungi
  9 plants
  4 starspawn tentacles
1700 creatures vanquished.

Grand Total: 7018 creatures vanquished

Notes
Turn   | Place    | Note
-------+----------+-------------------------------------------
     0 | D:1      | Hasart the Deep Elf Fire Elementalist began the quest for
                  | the Orb.
     0 | D:1      | Reached XP level 1. HP: 10/10 MP: 6/6
   204 | D:1      | Reached XP level 2. HP: 15/15 MP: 2/8
   898 | D:1      | Reached XP level 3. HP: 19/19 MP: 6/9
  1724 | D:3      | Noticed Sigmund
  1733 | D:3      | Killed Sigmund
  1733 | D:3      | Reached XP level 4. HP: 12/24 MP: 4/12
  1733 | D:3      | Reached XP level 5. HP: 14/28 MP: 4/13
  1961 | D:3      | Reached skill level 5 in Fire Magic
  1971 | D:3      | Reached XP level 6. HP: 32/32 MP: 2/14
  2341 | D:3      | Learned a level 4 spell: Sticky Flame
  2347 | D:3      | Learned a level 5 spell: Fireball
  2980 | D:4      | Found the +10 large shield of Ignorance {rN+ Int-4}
  2985 | D:4      | Found a radiant altar of Vehumet.
  3043 | D:4      | Found a glowing golden altar of the Shining One.
  3063 | D:4      | Became a worshipper of Vehumet
  3118 | D:4      | Found a bloodstained altar of Trog.
  3182 | D:4      | Reached XP level 7. HP: 23/36 MP: 11/16
  3289 | D:4      | Reached skill level 5 in Spellcasting
  3289 | D:4      | Reached skill level 5 in Conjurations
  3460 | D:4      | Found a sand-covered staircase.
  3474 | Ossuary  | Entered an ossuary
  3782 | Ossuary  | Reached * piety under Vehumet
  3782 | Ossuary  | Offered knowledge of Shock by Vehumet.
  3903 | Ossuary  | Reached skill level 5 in Dodging
  4118 | Ossuary  | Offered knowledge of Searing Ray by Vehumet.
  4118 | Ossuary  | Reached XP level 8. HP: 41/41 MP: 13/18
  4124 | Ossuary  | Learned a level 2 spell: Searing Ray
  4147 | Ossuary  | Reached ** piety under Vehumet
  4596 | D:4      | Found a snail-covered altar of Cheibriados.
  4640 | D:5      | Entered Level 5 of the Dungeon
  4682 | D:5      | Found the +9 staff of Olgreb {rPois}
  4704 | D:5      | Found a runed translucent gate.
  4706 | D:5      | Found a runed translucent door.
  4708 | D:5      | Found a runed translucent gate.
  4717 | D:5      | Reached skill level 1 in Shields
  4728 | D:5      | Found a runed translucent gate.
  4736 | D:5      | Found a runed translucent door.
  4974 | D:5      | Found a staircase to the Ecumenical Temple.
  5287 | D:6      | Found a snail-covered altar of Cheibriados.
  5396 | D:6      | Noticed Blork the orc
  5400 | D:6      | Killed Blork the orc
  5507 | D:6      | Found Qefarap's Book Shoppe.
  5645 | D:6      | Found a blossoming altar of Fedhas.
  5767 | D:6      | Offered knowledge of Dazzling Spray by Vehumet.
  5910 | D:6      | Reached *** piety under Vehumet
  5910 | D:6      | Reached XP level 9. HP: 39/45 MP: 16/21
  6354 | D:7      | HP: 1/45 [orc warrior/cursed -2 trident (17)]
  6786 | D:7      | Noticed a troll
  6789 | D:7      | Killed a troll
  6936 | D:7      | Offered knowledge of Mephitic Cloud by Vehumet.
  6941 | D:7      | Learned a level 3 spell: Mephitic Cloud
  7078 | D:7      | Noticed a two-headed ogre
  7082 | D:7      | Killed a two-headed ogre
  7082 | D:7      | Reached skill level 1 in Fighting
  7082 | D:7      | Reached skill level 1 in Air Magic
  7082 | D:7      | Reached skill level 1 in Poison Magic
  7082 | D:7      | Reached XP level 10. HP: 52/52 MP: 10/24
  7512 | D:8      | Reached skill level 10 in Fire Magic
  7813 | D:8      | Reached **** piety under Vehumet
  7901 | D:8      | Offered knowledge of Lightning Bolt by Vehumet.
  9223 | D:9      | Found a stormy altar of Qazlal.
  9384 | D:9      | Reached skill level 1 in Evocations
  9387 | D:9      | Reached ***** piety under Vehumet
  9527 | D:9      | Found a basalt altar of Yredelemnul.
  9593 | D:9      | Offered knowledge of Venom Bolt by Vehumet.
  9599 | D:9      | Reached skill level 1 in Staves
  9767 | D:10     | Entered Level 10 of the Dungeon
  9951 | D:10     | Noticed Erolcha
  9960 | D:10     | Killed Erolcha
  9960 | D:10     | Reached XP level 11. HP: 59/59 MP: 2/26
 10056 | D:10     | Noticed Maurice
 10060 | D:10     | Killed Maurice
 10327 | D:10     | Got a distressingly furry leather armour
 10328 | D:10     | Identified the cursed +1 leather armour of Mysticism {MR-
                  | rCorr Dex+2 Stlth+} (You found it on level 10 of the
                  | Dungeon)
 10375 | D:10     | Noticed Josephine
 10379 | D:10     | Killed Josephine
 10814 | D:11     | Noticed an orb spider
 10818 | D:11     | Killed an orb spider
 10906 | D:11     | Noticed a brown ugly thing
 10986 | D:11     | Found a staircase to the Lair.
 10993 | D:11     | Noticed a death yak
 10993 | D:11     | Noticed a death yak
 10993 | D:11     | Noticed a death yak
 11016 | D:11     | Killed a death yak
 11016 | D:11     | Reached skill level 5 in Shields
 11020 | D:11     | Killed a death yak
 11022 | D:11     | Killed a death yak
 11022 | D:11     | Reached skill level 10 in Spellcasting
 11022 | D:11     | Reached skill level 5 in Poison Magic
 11204 | D:11     | Noticed a white ugly thing
 11207 | D:11     | Killed a white ugly thing
 11292 | D:11     | Got a pitted diamond amulet
 11293 | D:11     | Identified the amulet "Jamacar" {Faith Str+4 Slay+3} (You
                  | found it on level 11 of the Dungeon)
 11305 | D:11     | Got a clouded silver ring
 11307 | D:11     | Identified the ring "Luenu" {Slay+3 Stlth-} (You found it
                  | on level 11 of the Dungeon)
 11317 | D:11     | Got a wavering ruby amulet
 11320 | D:11     | Got a steaming steel amulet
 11321 | D:11     | Identified the amulet "Hyerr" {Inacc +Inv Stlth+} (You
                  | found it on level 11 of the Dungeon)
 11322 | D:11     | Identified the amulet "Ben Ruli" {Faith rPois rF++ rN+}
                  | (You found it on level 11 of the Dungeon)
 11509 | D:11     | Found a deep blue altar of Sif Muna.
 11559 | D:11     | Reached XP level 12. HP: 66/66 MP: 28/28
 11826 | D:11     | Found a staircase to the Orcish Mines.
 11926 | D:11     | You fall through a shaft!
 12107 | D:12     | Noticed a two-headed ogre
 12111 | D:12     | Killed a two-headed ogre
 12271 | D:12     | Found a runed translucent gate.
 12271 | D:12     | Found a runed translucent gate.
 12272 | D:12     | Found a runed translucent gate.
 12296 | D:12     | Noticed Lavandula's ghost (journeyman VSFi)
 12792 | D:12     | Noticed a death knight
 12796 | D:12     | Killed a death knight
 13084 | D:12     | Reached skill level 5 in Evocations
 13428 | D:11     | Noticed a two-headed ogre
 13449 | D:11     | Killed a two-headed ogre
 13453 | D:11     | Offered knowledge of Bolt of Cold by Vehumet.
 13472 | D:11     | Reached skill level 5 in Staves
 13766 | D:13     | Noticed a centaur warrior
 13771 | D:13     | Killed a centaur warrior
 13771 | D:13     | Reached skill level 5 in Fighting
 13771 | D:13     | Reached skill level 10 in Conjurations
 13896 | D:13     | Noticed an ettin
 13927 | D:13     | Noticed a frost giant
 13934 | D:12     | Killed a frost giant
 14245 | D:13     | Reached XP level 13. HP: 72/72 MP: 24/30
 14311 | Lair:1   | Entered Level 1 of the Lair of Beasts
 15787 | Lair:2   | Found a staircase to the Swamp.
 16493 | Lair:2   | Found a runed translucent gate.
 16493 | Lair:2   | Found a runed translucent gate.
 16493 | Lair:2   | Found a runed translucent gate.
 16495 | Lair:2   | Noticed a death ooze
 16496 | Lair:2   | Noticed Paps's ghost (journeyman OpBe)
 16499 | Lair:2   | Found a viscous altar of Jiyva.
 16599 | Lair:3   | Found a stormy altar of Qazlal.
 16646 | Lair:3   | Found a runed translucent door.
 16659 | Lair:3   | Noticed DungeonDestroyer's ghost (journeyman MiFi)
 16836 | Lair:3   | Offered knowledge of Freezing Cloud by Vehumet.
 17059 | Lair:3   | Noticed Gastronok
 17085 | Lair:3   | Killed Gastronok
 17656 | Lair:3   | Got a scorched lapis lazuli ring
 17737 | Lair:3   | Identified the ring of Tojyry {MR+ Int-5 Dex+4 Slay+2} (You
                  | found it on level 3 of the Lair of Beasts)
 18439 | Lair:4   | Reached XP level 14. HP: 78/78 MP: 14/32
 18442 | Lair:4   | Reached skill level 15 in Fire Magic
 18751 | Lair:4   | Found a staircase to the Snake Pit.
 18945 | Lair:4   | Learned a level 3 spell: Regeneration
 20027 | Lair:5   | Found a runed translucent door.
 20028 | Lair:5   | Found a viscous altar of Jiyva.
 20028 | Lair:5   | Noticed an acid blob
 20029 | Lair:5   | Noticed an acid blob
 20030 | Lair:5   | Found a staircase to the Slime Pits.
 20480 | Lair:6   | Entered Level 6 of the Lair of Beasts
 21013 | Lair:6   | Offered knowledge of Bolt of Magma by Vehumet.
 21646 | Lair:6   | Got a transparent long sword
 21652 | Lair:6   | Identified the +6 long sword of Uskayaw's Whim {venom,
                  | Int+4} (You found it on level 6 of the Lair of Beasts)
 21889 | Lair:6   | Reached ****** piety under Vehumet
 22453 | Orc:1    | Entered Level 1 of the Orcish Mines
 22990 | Orc:2    | Entered Level 2 of the Orcish Mines
 22990 | Orc:2    | Found a staircase to the Elven Halls.
 23014 | Orc:2    | Reached XP level 15. HP: 82/82 MP: 23/35
 23265 | Orc:1    | Found Nakluik's Food Shop.
 23575 | Orc:2    | Offered knowledge of Spellforged Servitor by Vehumet.
 23788 | Orc:2    | Noticed Sonja
 23795 | Orc:2    | Killed Sonja
 24072 | Orc:2    | Found Loczenuwn's Food Shoppe.
 24072 | Orc:2    | Found Zaosta's Antique Weapon Shop.
 24080 | Orc:2    | Found a roughly hewn altar of Beogh.
 24317 | Orc:2    | Learned a level 7 spell: Spellforged Servitor
 24632 | Orc:2    | Found Tiplihy's Antique Weapon Shoppe.
 24632 | Orc:2    | Found Pekytaj's Antique Weapon Shop.
 24855 | Orc:2    | Bought a translucent rapier for 234 gold pieces
 24855 | Orc:2    | Identified the +8 rapier of the Open Hand {venom, rC+ MR-
                  | Int+2} (You bought it in a shop on level 2 of the Orcish
                  | Mines)
 25170 | D:13     | Offered knowledge of Conjure Ball Lightning by Vehumet.
 26104 | D:13     | Identified a scroll of acquirement
 26394 | D:13     | Reached skill level 15 in Spellcasting
 26606 | D:13     | Got a heavily runed zirconium amulet
 26615 | D:13     | Identified the amulet "Anedd" {+Rage Dex+3} (You found it
                  | on level 13 of the Dungeon)
 27014 | D:13     | Found a gate to the Vaults.
 27267 | D:13     | Offered knowledge of Bolt of Fire by Vehumet.
 27331 | D:14     | Found a portal to a secret trove of treasure.
 27713 | D:14     | Found a frozen archway.
 27739 | IceCv    | Entered an ice cave
 28856 | D:14     | Noticed Rupert
 28862 | D:14     | Killed Rupert
 29236 | D:14     | Reached XP level 16. HP: 87/87 MP: 32/37
 29376 | D:14     | Found a runed translucent gate.
 29376 | D:14     | Found a runed translucent gate.
 29377 | D:14     | Found a runed translucent gate.
 29445 | D:14     | Noticed Caralho's ghost (journeyman GrMo)
 29684 | D:15     | Entered Level 15 of the Dungeon
 29685 | D:15     | Noticed Azrael
 29824 | D:15     | Learned a level 8 spell: Ignition
 30082 | Swamp:1  | Entered Level 1 of the Swamp
 30505 | Swamp:1  | Offered knowledge of Fire Storm by Vehumet.
 30505 | Swamp:1  | Offered knowledge of Glaciate by Vehumet.
 30505 | Swamp:1  | Offered knowledge of Chain Lightning by Vehumet.
 30556 | Swamp:1  | Noticed Donald
 30564 | Swamp:1  | Killed Donald
 31112 | Swamp:1  | Learned a level 9 spell: Fire Storm
 31497 | Swamp:2  | Noticed a thorn hunter
 31504 | Swamp:2  | Killed a thorn hunter
 31504 | Swamp:2  | Reached skill level 15 in Conjurations
 33287 | Swamp:4  | Entered Level 4 of the Swamp
 33368 | Swamp:4  | Noticed Kirke
 33381 | Swamp:4  | Killed Kirke
 33586 | Swamp:4  | Noticed Aizul
 33591 | Swamp:4  | Killed Aizul
 34010 | Swamp:4  | Noticed the 27-headed Lernaean hydra
 34192 | Swamp:4  | Killed the 27-headed Lernaean hydra
 34192 | Swamp:4  | Reached XP level 17. HP: 92/92 MP: 20/40
 34618 | Swamp:4  | Got a decaying rune of Zot
 34909 | Elf:1    | Entered Level 1 of the Elven Halls
 35123 | Elf:1    | Identified the cursed +1 falchion "Kadgha" {freeze, rF-
                  | Int+4 Dex+3}
 35868 | Elf:1    | Found Bedaoqo's Antique Weapon Emporium.
 35870 | Elf:1    | Found Syppaic's Antique Weapon Shoppe.
 35870 | Elf:1    | Found Xijuen's Book Emporium.
 35875 | Elf:1    | Found Iwux Neeg's Book Shoppe.
 35886 | Elf:1    | Bought the Catalogue of Dusty Toxins for 840 gold pieces
 35893 | Elf:1    | Learned a level 3 spell: Stone Arrow
 35896 | Elf:1    | Bought a book of Spatial Translocations for 715 gold pieces
 35903 | Elf:1    | Learned a level 2 spell: Blink
 36023 | Elf:1    | Identified the Catalogue of Battle Magic
 37149 | Elf:2    | Found a deep blue altar of Sif Muna.
 37284 | Elf:2    | Found a runed translucent gate.
 37284 | Elf:2    | Found a runed translucent gate.
 37286 | Elf:2    | Found a runed translucent gate.
 37328 | Elf:2    | Found Fauzu's Armour Shoppe.
 37416 | Elf:3    | Entered Level 3 of the Elven Halls
 37416 | Elf:3    | Found Jouwiuts's Antique Armour Shop.
 37416 | Elf:3    | Found Caqoes Igo's Distillery.
 37419 | Elf:3    | Bought a potion of curing for 54 gold pieces
 37419 | Elf:3    | Bought a potion of heal wounds for 90 gold pieces
 37419 | Elf:3    | Bought a potion of mutation for 144 gold pieces
 37421 | Elf:3    | Identified the +9 rapier of Purpose {distort, +Blink rF++
                  | Int+2 Dex-3}
 37421 | Elf:3    | Identified the +6 rapier "Woluo" {holy, rF+ Str+3 Dex+3}
 37421 | Elf:3    | Noticed a deep elf blademaster
 37423 | Elf:3    | Noticed Hasart's ghost (adept DEFE)
 37424 | Elf:3    | Identified the +5 rapier of Unreason {antimagic, rElec
                  | Int+2 Dex+3}
 37424 | Elf:3    | Identified the +2 rapier of the Heart {speed, rPois MR+}
 37424 | Elf:3    | Noticed a deep elf blademaster
 37425 | Elf:3    | Identified the +4 longbow of Tomorrow {freeze, MR+ Dex+6}
 37425 | Elf:3    | Noticed a deep elf master archer
 37426 | Elf:3    | Found a bloodstained altar of Trog.
 37438 | Elf:3    | Found a transporter.
 37453 | Elf:3    | Found a transporter.
 37673 | Elf:3    | Found Leikaps's Food Shoppe.
 37723 | Elf:3    | Cast into level 3 of the Abyss (a deep elf demonologist)
 37781 | Elf:3    | Escaped the Abyss
 37913 | Elf:3    | Identified the ring of Honesty {rC+ Stlth+}
 37949 | Elf:3    | Noticed a deep elf master archer
 38023 | Elf:3    | Killed a deep elf master archer
 38023 | Elf:3    | Reached XP level 18. HP: 59/96 MP: 27/42
 38301 | Elf:3    | Identified the ring of Vaiphotz {rF+ rN+ MR+ Dex+4}
 38721 | Elf:3    | Identified the +7 trident of Fedhas's Whim {pierce, rN+
                  | Str+4 Dex+2 SInv}
 38808 | Elf:3    | Identified the +6 falchion of Tender Mercy {freeze, rF+}
 38809 | Elf:3    | Identified the +6 quick blade "Telusk Mukhli" {pain, rElec
                  | rPois rC+}
 38905 | Elf:3    | Learned a level 2 spell: Swiftness
 39038 | Elf:3    | Identified the Reference Book on the Rocks and Lightness
 39143 | Elf:3    | Found Okiof's Magic Scroll Emporium.
 39208 | Elf:3    | Identified the Compendium of the Supportive Voyage
 39222 | Elf:3    | Learned a level 6 spell: Iron Shot
 39483 | Snake:1  | Entered Level 1 of the Snake Pit
 39519 | Snake:1  | Identified the +2 dagger "Qudis" {drain, MR+ Stlth+} (You
                  | found it on level 1 of the Snake Pit)
 39652 | Snake:1  | Reached skill level 1 in Earth Magic
 41613 | Snake:3  | Reached skill level 10 in Evocations
 41703 | Snake:3  | Reached XP level 19. HP: 100/102 MP: 10/44
 42434 | Snake:3  | Found a runed translucent door.
 43064 | Snake:4  | Entered Level 4 of the Snake Pit
 44753 | Snake:4  | Reached skill level 5 in Earth Magic
 44836 | Snake:4  | Noticed Vashnia
 44846 | Snake:4  | HP: 4/104 [Vashnia/arrow (35)]
 45860 | Snake:4  | Killed Vashnia
 45936 | Snake:4  | Got a serpentine rune of Zot
 46439 | D:15     | Killed Azrael
 46974 | D:15     | Reached XP level 20. HP: 111/111 MP: 33/45
 47216 | D:15     | Found a staircase to the Depths.
 47442 | Depths:1 | Entered Level 1 of the Depths
 47456 | Depths:1 | Noticed Asterion
 47458 | Depths:1 | Reached skill level 1 in Short Blades
 47459 | Depths:1 | Killed Asterion
 48000 | Depths:1 | Found a deep blue altar of Sif Muna.
 48294 | Depths:1 | Found a gateway to Hell.
 48373 | Depths:1 | Identified the Volume of Clay
 48424 | Depths:1 | Got a pair of twisted boots
 48435 | Depths:1 | Identified the +1 pair of boots of Ebrabral {rElec MR+
                  | MP-9} (You found it on level 1 of the Depths)
 48617 | Depths:1 | Found a gateway to a ziggurat.
 48720 | Depths:1 | Identified the Tome of Venom
 48746 | Depths:1 | Found a basalt altar of Yredelemnul.
 48884 | Depths:1 | Identified the Catalogue of the Voyage
 49065 | Depths:1 | Identified the +7 triple crossbow of the Gnat {venom, -Tele
                  | rC+ Int+3 Dex+4}
 49243 | Depths:1 | Identified Vebacloo's Compendium of Flames
 49576 | Depths:1 | Identified Sumudoky's Tome of Snow
 50218 | Depths:2 | Noticed Saint Roka
 50233 | Depths:2 | Killed Saint Roka
 50373 | Depths:2 | Reached XP level 21. HP: 87/117 MP: 33/47
 50524 | Depths:2 | Reached skill level 5 in Short Blades
 51332 | Depths:2 | Noticed a caustic shrike
 51338 | Depths:2 | Killed a caustic shrike
 51804 | Depths:2 | Noticed a juggernaut
 51809 | Depths:2 | Killed a juggernaut
 51921 | Depths:2 | Found the +10 Black Knight's horse barding {ponderous,
                  | rPois rN+}
 52381 | Depths:3 | Found a huge runed gate.
 52402 | Depths:3 | Found a huge runed gate.
 52644 | Depths:3 | Noticed a caustic shrike
 52649 | Depths:3 | Killed a caustic shrike
 52758 | Depths:3 | Identified the +0 faerie dragon scales {rPois rCorr}
 52758 | Depths:3 | Noticed the Enchantress
 52761 | Depths:3 | Killed the Enchantress
 53577 | Depths:3 | Found a huge runed gate.
 53578 | Depths:3 | Found a huge runed gate.
 53579 | Depths:3 | Found a huge runed gate.
 53580 | Depths:3 | Found a huge runed gate.
 53582 | Depths:3 | Found a huge runed gate.
 53583 | Depths:3 | Found a huge runed gate.
 53587 | Depths:3 | Found a huge runed gate.
 53589 | Depths:3 | Found a huge runed gate.
 53589 | Depths:3 | Found a huge runed gate.
 53589 | Depths:3 | Found a huge runed gate.
 53589 | Depths:3 | Found a huge runed gate.
 53589 | Depths:3 | Found a huge runed gate.
 53589 | Depths:3 | Found a huge runed gate.
 53589 | Depths:3 | Found a huge runed gate.
 53614 | Depths:3 | Found a huge runed gate.
 53615 | Depths:3 | Found a huge runed gate.
 53623 | Depths:3 | Found a huge runed gate.
 53623 | Depths:3 | Found a huge runed gate.
 53623 | Depths:3 | Found a huge runed gate.
 53623 | Depths:3 | Found a huge runed gate.
 53623 | Depths:3 | Found a huge runed gate.
 53709 | Depths:3 | Found a huge runed gate.
 53709 | Depths:3 | Found a huge runed gate.
 53709 | Depths:3 | Found a huge runed gate.
 53795 | Depths:3 | Found a shattered altar of Ashenzari.
 53866 | Depths:3 | Found a one-way gate leading to the halls of Pandemonium.
 53886 | Depths:3 | Reached XP level 22. HP: 125/125 MP: 32/49
 54093 | Depths:3 | Found a one-way gate to the infinite horrors of the Abyss.
 54175 | Depths:3 | Noticed a golden dragon
 54177 | Depths:3 | Killed a golden dragon
 54424 | Depths:4 | Noticed a caustic shrike
 54425 | Depths:4 | Noticed a caustic shrike
 54427 | Depths:4 | Noticed a caustic shrike
 54427 | Depths:4 | Noticed a caustic shrike
 54428 | Depths:4 | Killed a caustic shrike
 54428 | Depths:4 | Reached skill level 10 in Fighting
 54428 | Depths:4 | Killed a caustic shrike
 54428 | Depths:4 | Noticed a caustic shrike
 54430 | Depths:4 | Killed a caustic shrike
 54430 | Depths:4 | Killed a caustic shrike
 54432 | Depths:4 | Killed a caustic shrike
 54708 | Depths:3 | Learned a level 9 spell: Glaciate
 54779 | Depths:4 | Reached skill level 1 in Ice Magic
 54991 | Depths:4 | Noticed Sojobo
 54995 | Depths:4 | Killed Sojobo
 55133 | Depths:4 | Noticed a caustic shrike
 55133 | Depths:4 | Noticed a golden dragon
 55136 | Depths:4 | Killed a caustic shrike
 55138 | Depths:4 | Killed a golden dragon
 55933 | Depths:4 | Found a glowing golden altar of the Shining One.
 56028 | Depths:5 | Entered Level 5 of the Depths
 56033 | Depths:5 | Reached skill level 5 in Ice Magic
 56233 | Depths:5 | Reached XP level 23. HP: 114/132 MP: 47/51
 56301 | Depths:5 | Got a scintillating silver ring
 56302 | Depths:5 | Identified the ring of Xom's Capriciousness {AC+2 Str+3}
                  | (You found it on level 5 of the Depths)
 56630 | Depths:5 | Noticed a juggernaut
 56636 | Depths:5 | Killed a juggernaut
 56752 | Depths:5 | Noticed a caustic shrike
 56754 | Depths:5 | Killed a caustic shrike
 56789 | Depths:5 | Identified the ring "Olluis" {+Fly rElec rC+ Dex-3 SInv}
 56807 | Depths:5 | Noticed a caustic shrike
 56814 | Depths:5 | Killed a caustic shrike
 57462 | Depths:5 | Noticed a caustic shrike
 57465 | Depths:5 | Killed a caustic shrike
 57465 | Depths:5 | Noticed Margery
 57480 | Depths:5 | Killed Margery
 57673 | Depths:5 | Found a shimmering altar of Xom.
 57765 | Depths:5 | Found a gate to the Realm of Zot.
 57900 | Depths:5 | Found an iron altar of Okawaru.
 57910 | Depths:5 | Identified the ring of Riven {rF+ rN+ MR- Str+2 Stlth+}
 58585 | Vaults:1 | Entered Level 1 of the Vaults
 59741 | Vaults:1 | Reached skill level 10 in Ice Magic
 60082 | Vaults:1 | Reached XP level 24. HP: 137/137 MP: 33/52
 61334 | Vaults:2 | Found a runed translucent gate.
 61334 | Vaults:2 | Found a runed translucent gate.
 61334 | Vaults:2 | Found a runed translucent gate.
 61346 | Vaults:2 | Learned a level 4 spell: Passage of Golubria
 61353 | Vaults:2 | Reached skill level 1 in Translocations
 61369 | Vaults:2 | Found a runed translucent gate.
 61369 | Vaults:2 | Found a runed translucent gate.
 61372 | Vaults:2 | Found a runed translucent gate.
 61390 | Vaults:2 | Identified the cursed +0 robe of the Cast Vote {rF- MR+++
                  | rCorr}
 61426 | Vaults:2 | Noticed SlowGraham's ghost (legendary KoMo)
 61931 | Vaults:2 | You are sucked into a shaft!
 61996 | Vaults:3 | Found a staircase to the Crypt.
 62664 | Vaults:3 | Noticed Bai Suzhen
 62668 | Vaults:3 | Killed Bai Suzhen
 62908 | Vaults:3 | Identified the ring of Eguxt {Fire rElec rPois Str-4 Int-2}
 63210 | Vaults:3 | Noticed Mara
 63214 | Vaults:3 | Noticed Hasart's illusion
 63215 | Vaults:3 | Killed Mara
 63396 | Vaults:3 | Found a large runed translucent door.
 63396 | Vaults:3 | Found a large runed translucent door.
 63400 | Vaults:3 | Noticed MordorOrchid's ghost (adept TrNe)
 63450 | Vaults:3 | Reached XP level 25. HP: 141/141 MP: 42/52
 63824 | Vaults:3 | Killed MordorOrchid's ghost
 63989 | Vaults:4 | Identified the +8 mace of the Girdle {flame, Str+5 Int+4}
                  | (You found it on level 4 of the Vaults)
 64002 | Vaults:4 | Noticed Boris
 64006 | Vaults:4 | Killed Boris
 64006 | Vaults:4 | Reached skill level 5 in Translocations
 65535 | Vaults:4 | Reached skill level 10 in Shields
 65621 | Vaults:4 | Reached skill level 15 in Ice Magic
 66401 | Elf:3    | Learned a level 2 spell: Shroud of Golubria
 66422 | Elf:3    | Killed Hasart's ghost
 67151 | Elf:1    | Bought a Necronomicon for 1545 gold pieces
 67151 | Elf:1    | Bought a book of Necromancy for 420 gold pieces
 67390 | D:12     | Killed Lavandula's ghost
 67540 | Lair:2   | Killed Paps's ghost
 67655 | Lair:5   | Reached XP level 26. HP: 126/147 MP: 41/53
 67778 | Lair:3   | Killed DungeonDestroyer's ghost
 67969 | D:14     | Killed Caralho's ghost
 68180 | Vaults:2 | Killed SlowGraham's ghost
 68286 | Vaults:2 | Identified the +1 cloak "Rahegg" {Stlth+} (You found it on
                  | level 2 of the Vaults)
 68543 | Vaults:5 | Entered Level 5 of the Vaults
 68543 | Vaults:5 | Noticed Xtahua
 69114 | Vaults:5 | Identified the +2 robe of the Bull {rC+ rCorr Str+6}
 69117 | Vaults:5 | Identified the +4 ring mail of Modesty {MR+ Int-3 Dex+6
                  | Stlth+}
 69238 | Vaults:5 | Noticed an ancient lich
 69241 | Vaults:5 | Killed an ancient lich
 69367 | Vaults:5 | Noticed an ancient lich
 69370 | Vaults:5 | Killed an ancient lich
 69407 | Vaults:5 | Killed Xtahua
 69775 | Vaults:5 | Identified the ring of Samavv Girya {rN+ Str+2 Stlth+}
 69807 | Vaults:5 | Identified the +10 glaive of the Hummingbird {speed, rN+
                  | Str+2 Dex+5}
 69823 | Vaults:5 | Noticed Mennas
 69948 | Vaults:5 | Identified the ring "Wilut" {*Tele Str+2 Int+4}
 69952 | Vaults:5 | Identified the cursed +3 falchion of Focraps {flame,
                  | *Contam *Corrode rElec rN+++ Int+9}
 70305 | Vaults:5 | Killed Mennas
 70305 | Vaults:5 | Reached XP level 27. HP: 76/152 MP: 33/54
 70770 | Vaults:5 | Learned a level 8 spell: Necromutation
 70806 | Vaults:5 | Reached skill level 1 in Necromancy
 70811 | Vaults:5 | Reached skill level 1 in Transmutations
 70942 | Vaults:5 | Got a silver rune of Zot
 70943 | Vaults:5 | Identified the Collected Works on Freezing Calling
 71290 | Crypt:1  | Entered Level 1 of the Crypt
 73046 | Crypt:2  | Reached skill level 5 in Necromancy
 73982 | Crypt:3  | Entered Level 3 of the Crypt
 73986 | Crypt:3  | Reached skill level 5 in Transmutations
 74461 | Crypt:3  | Reached skill level 5 in Stealth
 74636 | Crypt:3  | Noticed an ancient lich
 74646 | Crypt:3  | Killed an ancient lich
 74911 | Crypt:3  | Reached skill level 15 in Evocations
 75376 | Crypt:3  | Found a staircase to the Tomb.
 75650 | Crypt:3  | Found an ancient bone altar of Kikubaaqudgha.
 76022 | Hell     | Entered the Vestibule of Hell
 76022 | Hell     | Noticed Geryon
 76025 | Hell     | Noticed Murray
 76026 | Hell     | Killed Geryon
 76097 | Hell     | Killed Murray
 76425 | Zot:1    | Entered Level 1 of the Realm of Zot
 78200 | Zot:2    | Noticed an orb of fire
 78207 | Zot:2    | Killed an orb of fire
 78207 | Zot:2    | Reached skill level 10 in Necromancy
 79419 | Zot:3    | Reached skill level 10 in Transmutations
 80951 | Zot:4    | Noticed an orb of fire
 80956 | Zot:4    | Killed an orb of fire
 82718 | Zot:5    | Entered Level 5 of the Realm of Zot
 83325 | Zot:5    | Identified the +1 scale mail of Untruth {rElec rF+} (You
                  | found it on level 5 of the Realm of Zot)
 83575 | Zot:5    | Noticed an ancient lich
 83580 | Zot:5    | Killed an ancient lich
 83580 | Zot:5    | Noticed an ancient lich
 83583 | Zot:5    | Killed an ancient lich
 83655 | Zot:5    | Noticed an orb of fire
 83660 | Zot:5    | Gained mutation: Your body sometimes deteriorates upon
                  | taking damage. [an orb of fire]
 83661 | Zot:5    | Killed an orb of fire
 83779 | Zot:5    | Noticed an orb of fire
 83781 | Zot:5    | Noticed an ancient lich
 83784 | Zot:5    | Killed an orb of fire
 83796 | Zot:5    | Killed an ancient lich
 83983 | Zot:5    | Noticed an orb of fire
 83987 | Zot:5    | Killed an orb of fire
 84588 | Depths:4 | Voluntarily entered the Abyss.
 85045 | Abyss:2  | Found a sparkling altar of Nemelex Xobeh.
 85172 | Depths:4 | Escaped the Abyss
 85247 | Depths:4 | Voluntarily entered the Abyss.
 85360 | Abyss:3  | Got an abyssal rune of Zot
 85607 | Depths:4 | Escaped the Abyss
 86091 | Hell     | Found a gateway to the freezing wastes of Cocytus.
 86155 | Hell     | Found a gateway to the decaying netherworld of Tartarus.
 86199 | Hell     | Found a gateway to the ashen valley of Gehenna.
 86341 | Hell     | Found a gateway to the Iron City of Dis.
 86380 | Coc:1    | Entered Level 1 of Cocytus
 86974 | Coc:1    | Reached skill level 15 in Necromancy
 87261 | Pan      | Entered Pandemonium
 87315 | Pan      | Reached skill level 27 in Spellcasting
 87998 | Pan      | Gained mutation: You are clumsy. (Dex -2) [a neqoxec]
 88004 | Pan      | Lost mutation: Your body sometimes deteriorates upon taking
                  | damage. [potion of mutation]
 88004 | Pan      | Gained mutation: You have supernaturally acute eyesight.
                  | (SInv) [potion of mutation]
 88004 | Pan      | Gained mutation: You have a beak for a mouth. [potion of
                  | mutation]
 88004 | Pan      | Gained mutation: You are resistant to hostile enchantments.
                  | (MR+) [potion of mutation]
 88004 | Pan      | Gained mutation: You have large cloven feet. [potion of
                  | mutation]
 88623 | Pan      | Noticed Irriam the pandemonium lord
 88628 | Pan      | Killed Irriam the pandemonium lord
 88807 | Pan      | Entered the realm of Gloorx Vloq.
 89079 | Pan      | Reached skill level 10 in Stealth
 89079 | Pan      | Noticed Gloorx Vloq
 90168 | Pan      | Killed Gloorx Vloq
 90168 | Pan      | Reached skill level 15 in Transmutations
 90696 | Pan      | Got a dark rune of Zot
 90990 | Pan      | Entered the realm of Mnoleg.
 91368 | Pan      | Lost mutation: You are clumsy. (Dex -2) [potion of
                  | mutation]
 91368 | Pan      | Lost mutation: You are resistant to hostile enchantments.
                  | (MR+) [potion of mutation]
 91368 | Pan      | Lost mutation: You have large cloven feet. [potion of
                  | mutation]
 91368 | Pan      | Gained mutation: You have sharp fingernails. [potion of
                  | mutation]
 91368 | Pan      | Lost mutation: You have sharp fingernails. [potion of
                  | mutation]
 91368 | Pan      | Gained mutation: You are partially covered in large bone
                  | plates. (SH +4) [potion of mutation]
 91860 | Pan      | Noticed Mnoleg
 91867 | Pan      | Killed Mnoleg
 92101 | Pan      | Got a glowing rune of Zot
 92801 | Pan      | Noticed Rolasch the pandemonium lord
 92806 | Pan      | Killed Rolasch the pandemonium lord
 94072 | Pan      | Got a demonic rune of Zot
 94704 | Pan      | Noticed Xaobim the pandemonium lord
 94708 | Pan      | Killed Xaobim the pandemonium lord
 95087 | Pan      | Noticed Magiedom the pandemonium lord
 95094 | Pan      | Reached skill level 27 in Conjurations
 95094 | Pan      | Identified the cursed +1 scimitar "Xuoploadd" {flame, rC-
                  | Dex+7}
 95101 | Pan      | Killed Magiedom the pandemonium lord
 95106 | Pan      | Gained mutation: You do not regenerate when monsters are
                  | visible. [a cacodemon]
 95112 | Pan      | Found a runed translucent door.
 95295 | Pan      | Noticed Piumpu Xihu the pandemonium lord
 95306 | Pan      | Killed Piumpu Xihu the pandemonium lord
 95945 | Pan      | Found an exit through the horrors of the Abyss.
 96399 | Pan      | Identified the +2 leather armour "Rehenu" {rC+ Int-5 Dex+4}
                  | (You found it in Pandemonium)
 96616 | Pan      | Noticed Raliwigad the pandemonium lord
 96732 | Pan      | Killed Raliwigad the pandemonium lord
 97272 | Pan      | Reached skill level 15 in Shields
 97421 | Pan      | Found a transporter.
 97421 | Pan      | Found a transporter.
 98460 | Pan      | Learned a level 6 spell: Deflect Missiles
 98462 | Pan      | Identified the +2 cloak "Simm" {rC+ Stlth+} (You found it
                  | in Pandemonium)
 98477 | Pan      | Got an ancient pewter ring
 98478 | Pan      | Identified the ring of Owkair {*Corrode *Drain rC+ Int+10
                  | Dex+3} (You found it in Pandemonium)
 98538 | Pan      | Reached skill level 1 in Charms
 98692 | Pan      | Noticed Utoasof the pandemonium lord
 98701 | Pan      | Killed Utoasof the pandemonium lord
 98910 | Pan      | Identified the +6 falchion of the Orb {vamp, Int+2} (You
                  | found it in Pandemonium)
 98922 | Pan      | Entered the realm of Cerebov.
 99285 | Pan      | Reached skill level 27 in Fire Magic
 99313 | Pan      | Identified the ring of Fucwaxab {rF+ Int+2}
 99424 | Pan      | Found an exit through the horrors of the Abyss.
 99427 | Pan      | Reached skill level 5 in Charms
 99637 | Pan      | Identified the Catalogue of Context
 99662 | Pan      | Identified the +6 sword of Cerebov {flame}
 99662 | Pan      | Noticed Cerebov
 99937 | Pan      | Killed Cerebov
 99937 | Pan      | Reached skill level 5 in Air Magic
100050 | Pan      | Identified the Almanac of Assistive Toxins
100165 | Pan      | Got a fiery rune of Zot
100219 | Pan      | Identified Hecs's Volume of Poisoning and Conjuration
100237 | Pan      | Got a flickering bone ring
100238 | Pan      | Identified the ring "Gomoempo" {+Inv Str+2} (You found it
                  | in Pandemonium)
100321 | Pan      | Identified the +2 leather armour of Resonance {rC- Int+2
                  | Dex+3 Stlth+} (You found it in Pandemonium)
100538 | Pan      | Noticed Veics the pandemonium lord
100542 | Pan      | Killed Veics the pandemonium lord
100660 | Pan      | Found a glowing silver altar of Zin.
100993 | Pan      | Identified the +8 lajatang of the Four People {antimagic,
                  | Int+4} (You found it in Pandemonium)
101020 | Pan      | Found a white marble altar of Elyvilon.
101759 | Pan      | Reached skill level 10 in Dodging
101972 | Pan      | Reached skill level 10 in Charms
102327 | Pan      | Killed a seraph
102452 | Pan      | Found a glowing golden altar of the Shining One.
102458 | Pan      | Got a slimy wooden ring
102460 | Pan      | Identified the ring "Enocw" {rElec Str+4 Int+4 Dex+4
                  | Stlth-} (You took it off a seraph in Pandemonium)
102470 | Pan      | Identified the Grimoire of Supportive Boosts
102472 | Pan      | Identified the Guide on the Snowflakes and Poison
102478 | Pan      | Identified the Handbook of Sinister Magic
102646 | Pan      | Identified the cursed +0 large shield "Duxist" {Stlth+}
104292 | Pan      | Noticed Kobruvva the pandemonium lord
104297 | Pan      | Killed Kobruvva the pandemonium lord
104374 | Pan      | Identified the +1 leather armour of Giumeud {*Slow rF+ rN+}
                  | (You found it in Pandemonium)
104376 | Pan      | Entered the realm of Lom Lobon.
104549 | Pan      | Identified the cursed +1 flail of the Purse {chaos, rC+}
                  | (You found it in Pandemonium)
104775 | Pan      | Found an exit through the horrors of the Abyss.
105281 | Pan      | Reached skill level 10 in Air Magic
105434 | Pan      | Reached skill level 15 in Fighting
105801 | Pan      | Noticed Lom Lobon
106185 | Pan      | Learned a level 7 spell: Haunt
106455 | Pan      | Killed Lom Lobon
106455 | Pan      | Reached skill level 1 in Summonings
106523 | Pan      | Got a magical rune of Zot
106703 | Pan      | Took an exit into the Abyss.
106703 | Abyss:1  | Escaped into the Abyss
106843 | Abyss:1  | Found a bloodstained altar of Trog.
106855 | Depths:4 | Escaped the Abyss
107172 | Slime:1  | Entered Level 1 of the Pits of Slime
108262 | Slime:5  | Entered Level 5 of the Pits of Slime
108270 | Slime:5  | Reached skill level 5 in Summonings
108280 | Slime:5  | Noticed the Royal Jelly
108286 | Slime:5  | Killed the Royal Jelly
108599 | Slime:5  | Found the +8 glaive of the Guard {elec, +Rage AC+5 SInv}
108690 | Slime:5  | Got a slimy rune of Zot
108718 | Slime:5  | Identified the +10 mace "Sutur" {antimagic, rC+ Str+3} (You
                  | found it on level 5 of the Pits of Slime)
108762 | Slime:5  | Identified the +10 lajatang "Mecw" {vamp, rC- rN++} (You
                  | found it on level 5 of the Pits of Slime)
109390 | Dis:1    | Entered Level 1 of the Iron City of Dis
110615 | Vaults:5 | Lost mutation: You have a beak for a mouth. [potion of
                  | mutation]
110615 | Vaults:5 | Lost mutation: You have supernaturally acute eyesight.
                  | (SInv) [potion of mutation]
110615 | Vaults:5 | Gained mutation: You are dopey. (Int -2) [potion of
                  | mutation]
110615 | Vaults:5 | Gained mutation: You expend magic power (3 MP) to
                  | strengthen your wands. [potion of mutation]
110616 | Vaults:5 | Lost mutation: You do not regenerate when monsters are
                  | visible. [potion of mutation]
110616 | Vaults:5 | Lost mutation: You expend magic power (3 MP) to strengthen
                  | your wands. [potion of mutation]
110616 | Vaults:5 | Lost mutation: You are dopey. (Int -2) [potion of mutation]
110616 | Vaults:5 | Gained mutation: You possess an exceptional clarity of
                  | mind. [potion of mutation]
110616 | Vaults:5 | Gained mutation: You have a pair of small antennae on your
                  | head. [potion of mutation]
111360 | Dis:5    | Reached skill level 15 in Dodging
111683 | Dis:7    | Entered Level 7 of the Iron City of Dis
112546 | Dis:7    | Reached skill level 10 in Summonings
113040 | Dis:7    | Reached skill level 10 in Translocations
113490 | Dis:7    | Reached skill level 27 in Ice Magic
113975 | Dis:7    | Identified the +4 staff of Dispater
113975 | Dis:7    | Noticed Dispater
114005 | Dis:7    | Killed Dispater
114168 | Dis:7    | Found the +8 storm bow {elec}
114201 | Dis:7    | Got an iron rune of Zot
114276 | Dis:7    | Learned a level 6 spell: Shadow Creatures
114285 | Dis:7    | Learned a level 8 spell: Death's Door
114562 | Geh:1    | Entered Level 1 of Gehenna
115135 | Geh:2    | You are sucked into a shaft for 2 floors!
115410 | Geh:6    | Reached skill level 10 in Earth Magic
116290 | Geh:7    | Entered Level 7 of Gehenna
116839 | Geh:7    | Found the +8 lance "Wyrmbane" {slay drac, rPois rF+ rC+
                  | AC+3}
116852 | Geh:7    | Identified the +5 long sword "Ihuumeunt" {freeze, +Fly
                  | rPois Int+4} (You found it on level 7 of Gehenna)
116854 | Geh:7    | Identified the +2 double sword of Zatytoor {slice, *Contam
                  | rF- rC+ rN+++} (You found it on level 7 of Gehenna)
116864 | Geh:7    | Identified the +8 great sword "Uprerchan" {pain, Int+2
                  | SInv} (You found it on level 7 of Gehenna)
117327 | Geh:7    | Identified the +7 sceptre of Asmodeus
117327 | Geh:7    | Noticed Asmodeus
117345 | Geh:7    | Killed from afar by a Brimstone Fiend

Skill      XL: |  1  2  3  4  5  6  7  8  9 10 11 12 13 14 15 16 17 18 19 20 21 22 23 24 25 26 27 |
---------------+----------------------------------------------------------------------------------+-----
Fire Magic     | 4 5 6 8 9 10 11 13 14 16 18 19 20 21 22 23 24 27 | 27.0
Conjurations   | 3 4 5 6 7 8 9 10 11 12 13 16 18 19 20 21 22 23 24 25 27 | 27.0
Dodging        | 3 4 5 6 8 9 16 | 16.9
Spellcasting   | 4 5 6 8 9 10 11 12 14 15 17 18 19 20 21 22 23 24 25 27 | 27.0
Shields        | 2 3 4 5 7 9 10 11 16 | 16.0
Fighting       | 1 2 4 5 7 8 9 10 16 | 16.0
Air Magic      | 1 3 10 | 10.0
Poison Magic   | 1 3 5 |  5.0
Evocations     | 1 4 6 8 9 10 12 13 14 17 | 17.5
Staves         | 1 3 5 |  5.0
Earth Magic    | 3 5 12 | 12.7
Short Blades   | 4 5 8 |  8.0
Ice Magic      | 5 10 13 15 17 27 | 27.0
Translocations | 4 5 10 | 10.0
Necromancy     | 20 | 20.0
Transmutations | 20 | 20.0
Stealth        | 12 | 12.0
Charms         | 13 | 13.3
Summonings     | 10 | 10.0

Action                   |  1- 3 |  4- 6 |  7- 9 | 10-12 | 13-15 | 16-18 | 19-21 | 22-24 | 25-27 || total
-------------------------+-------+-------+-------+-------+-------+-------+-------+-------+-------++-------
Melee: Dagger            |     3 |       |       |       |       |       |       |       |       ||     3
       Rapier            |       |     2 |    53 |     2 |       |       |       |       |       ||    57
       Staff             |       |       |       |    71 |   249 |    15 |    11 |       |    27 ||   373
       Quick blade       |       |       |       |       |       |       |     6 |    43 |   523 ||   572
       Peck              |       |       |       |       |       |       |       |       |   105 ||   105
 Cast: Flame Tongue      |    68 |    95 |   178 |   150 |   108 |       |       |       |       ||   599
       Sticky Flame      |       |     5 |    29 |    40 |    31 |    19 |     6 |       |       ||   130
       Fireball          |       |       |    15 |   138 |   430 |   468 |   242 |    85 |    28 ||  1406
       Searing Ray       |       |       |     5 |       |       |     3 |       |       |       ||     8
       Ignition          |       |       |       |       |       |    23 |    60 |    13 |     7 ||   103
       Stone Arrow       |       |       |       |       |       |    86 |       |       |       ||    86
       Iron Shot         |       |       |       |       |       |    18 |   335 |   216 |  1781 ||  2350
       Fire Storm        |       |       |       |       |       |     4 |    38 |   137 |   868 ||  1047
       Blink             |       |       |       |       |       |       |     2 |       |     7 ||     9
       Regeneration      |       |       |       |       |       |       |     1 |       |    51 ||    52
       Passage of Golubr |       |       |       |       |       |       |       |     1 |    20 ||    21
       Shroud of Golubri |       |       |       |       |       |       |       |       |    10 ||    10
       Glaciate          |       |       |       |       |       |       |       |       |   578 ||   578
       Necromutation     |       |       |       |       |       |       |       |       |   104 ||   104
       Haunt             |       |       |       |       |       |       |       |       |    14 ||    14
       Deflect Missiles  |       |       |       |       |       |       |       |       |     2 ||     2
       Spellforged Servi |       |       |       |       |       |       |       |       |     2 ||     2
Evoke: Staff of Olgreb   |       |       |       |    16 |   120 |     9 |       |       |       ||   145
       Wand              |       |       |       |       |     4 |       |       |       |     5 ||     9
       Fan of gales      |       |       |       |       |       |       |       |       |     1 ||     1
       Staff of energy   |       |       |       |       |       |       |       |       |  1049 ||  1049
  Use: Scroll            |     5 |     1 |       |     7 |    15 |     7 |     3 |     1 |    56 ||    95
       Potion            |       |       |       |       |       |     1 |    11 |       |    10 ||    22
 Stab: Sleeping          |       |       |     4 |     1 |     2 |       |       |       |     2 ||     9
       Distracted        |       |       |       |       |       |       |       |       |     1 ||     1
  Eat: Chunk             |     1 |     7 |    11 |    25 |    48 |    23 |    23 |    52 |    93 ||   283
       Ration            |       |       |     2 |     6 |     5 |     8 |    12 |     5 |    46 ||    84
Armor: Robe              |     7 |     4 |    22 |    15 |    67 |    14 |    31 |     5 |   126 ||   291
Dodge: Dodged            |    21 |    18 |   124 |   117 |   239 |    92 |    90 |    60 |   557 ||  1318
       Deflected         |       |       |       |       |       |       |       |     6 |    49 ||    55
Block: Buckler           |       |       |       |    37 |    81 |    28 |    49 |    33 |    27 ||   255
       Shield            |       |       |       |       |       |       |       |       |   746 ||   746
